AoeStats
← [PSCH] R!ce

MegaRandom

505720441Analyzed
2v2 RM · 22d ago on Sep 10, 2026· 61m 17s· 4 players
Game mode
Random Map
Map size
Medium (4 player)
Population
200
Speed
Normal
Resources
Standard
Victory
Conquest
Starting age
Dark Age
Ending age
Imperial Age
RankedLock teamsTeams togetherTeam positionsShared explorationLock speedFull tech treeHidden civsTurbo modeCheats
Victory
Defeat
🇨🇭 Vietnamese · Switzerland
1437
+12
🇨🇭 Mongols · Switzerland
1390
+14
🇺🇸 Tatars · United States
1367
-14
🇺🇸 Teutons · United States
1325
-12
afi012290
4:30 Loom
11:55 Feudal Age
16:47 Bloodlines
17:48 Wheelbarrow
22:19 Castle Age
20:28 Horse Collar
20:34 Double-Bit Axe
21:20 Forging
21:31 Scale Barding Armor
24:06 Chain Barding Armor
25:44 Pikeman
32:44 Hand Cart
32:55 Scale Mail Armor
34:20 Squires
37:05 Heavy Plow
41:32 Imperial Age
42:28 Chain Mail Armor
42:46 Gold Mining
42:46 Stone Mining
42:46 Cavalier
43:03 Halberdier
45:13 Bow Saw
45:36 Crop Rotation
45:42 Plate Mail Armor
47:02 Two-Man Saw
47:31 Caravan
47:44 Guilds
48:22 Stone Shaft Mining
48:45 Iron Casting
49:11 Paladin
50:33 Crenellations
50:54 Arson
51:48 Hoardings
55:03 Man-at-Arms
55:28 Gambesons
Seneca
8:43 Loom
10:57 Feudal Age
12:09 Double-Bit Axe
18:54 Castle Age
28:25 Wheelbarrow
30:53 Town Watch
31:47 Wheelbarrow
31:27 Town Watch
33:27 Hand Cart
34:28 Caravan
35:14 Bow Saw
34:52 Horse Collar
36:48 Heavy Plow
40:08 Imperial Age
38:27 Ballistics
38:00 Fletching
38:44 Bodkin Arrow
38:49 Padded Archer Armor
39:40 Silk Armor
40:33 Leather Archer Armor
40:23 Scale Barding Armor
40:12 Light Cavalry
41:14 Bracer
40:39 Heavy Cavalry Archer
42:26 Bloodlines
42:16 Husbandry
42:41 Chain Barding Armor
43:55 Chemistry
44:54 Plate Barding Armor
44:13 Hussar
46:47 Elite Skirmisher
49:09 Ring Archer Armor
54:28 Siege Engineers
54:33 Masonry
[PSCH] wolverito
6:47 Loom
9:55 Feudal Age
10:33 Double-Bit Axe
20:25 Castle Age
19:04 Scale Barding Armor
19:53 Forging
20:13 Bloodlines
20:03 Horse Collar
20:32 Light Cavalry
21:40 Chain Barding Armor
24:10 Iron Casting
25:54 Husbandry
30:26 Wheelbarrow
31:37 Town Watch
36:10 Gold Mining
39:46 Imperial Age
39:55 Hussar
41:36 Blast Furnace
42:12 Fletching
42:17 Pikeman
43:19 Caravan
44:31 Bodkin Arrow
44:37 Padded Archer Armor
45:32 Conscription
45:59 Bracer
47:06 Scale Mail Armor
47:23 Leather Archer Armor
47:52 Ballistics
48:33 Chemistry
48:53 Scale Mail Armor
50:20 Hoardings
51:08 Elite Mangudai
54:41 Parthian Tactics
54:22 Thumb Ring
58:12 Coinage
58:19 Hand Cart
58:24 Heavy Plow
59:01 Gold Shaft Mining
[PSCH] R!ce
7:47 Loom
10:06 Feudal Age
11:11 Double-Bit Axe
14:40 Fletching
23:17 Castle Age
22:40 Horse Collar
26:23 Wheelbarrow
26:47 Town Watch
26:36 Elite Skirmisher
30:26 Bodkin Arrow
30:31 Padded Archer Armor
31:34 Bow Saw
33:49 Leather Archer Armor
39:49 Imperial Age
37:56 Wheelbarrow
37:02 Pikeman
38:49 Scale Mail Armor
38:59 Forging
38:58 Thumb Ring
40:22 Chain Mail Armor
40:07 Imperial Skirmisher
40:51 Bracer
41:21 Ring Archer Armor
40:13 Halberdier
42:04 Plate Mail Armor
43:06 Chemistry
43:03 Iron Casting
42:59 Paper Money
43:01 Caravan
49:52 Hand Cart
51:13 Ballistics
55:59 Bloodlines
55:10 Light Cavalry
56:08 Scale Barding Armor
57:10 Murder Holes
59:00 Hoardings
59:36 Heavy Plow
59:38 Town Patrol
60:18 Chain Barding Armor
Connection lost

Rejoining the realm…

Still unreachable

The connection could not be restored.

Session expired

The server has moved on; the page needs a fresh start.